 Dungeon Crawl Stone Soup version 0.30.1-11-g7821555f0a (webtiles) character file.

Game seed: 16713628787898182345

486 PaiMei the Trooper (level 7, -1/62 HPs)
             Began as a Hill Orc Fighter on Jan 13, 2024.
             Slain by a gnoll
             ... wielding a +0 whip
              (3 damage)
             ... on level 4 of the Dungeon.
             The game lasted 00:04:17 (3053 turns).

PaiMei the Trooper (Hill Orc Fighter)               Turns: 3053, Time: 00:04:18

Health: -1/62      AC:  8    Str: 21    XL:     7   Next: 13%
Magic:  7/7        EV:  9    Int:  8    God:
Gold:   212        SH:  5    Dex: 10    Spells: 6/6 levels left

rFire   . . .        v - +3 mace of the Bedazzling Gods {drain, rC+ rCorr}
rCold   + . .        c - +0 buckler
rNeg    . . .        b - +0 scale mail
rPois   .            m - +0 helmet
rElec   .            (no cloak)
rCorr   +            (no gloves)
SInv    .            (no boots)
Will    .....        (no amulet) Stlth
                     (no ring)
HPRegen 0.30/turn    (no ring)
MPRegen 0.10/turn

%: no passive effects
@: no status effects
A: no striking features
a: no special abilities


You were on level 4 of the Dungeon.
You visited 1 branch of the dungeon, and saw 4 of its levels.

You collected 212 gold pieces.

Inventory:

Hand Weapons
 a - a +0 war axe
 v - the +3 mace of the Bedazzling Gods (weapon) {drain, rC+ rCorr}
   (You found it on level 3 of the Dungeon)

   rC:        It protects you from cold.
   rCorr:     It protects you from acid and corrosion.
Armour
 b - a +0 scale mail (worn)
 c - a +0 buckler (worn)
 m - a +0 helmet (worn)
 s - a +4 chain mail
Jewellery
 g - an amulet of faith
 h - a ring of see invisible
 i - a ring of wizardry
Scrolls
 f - 2 scrolls of immolation {unknown}
 k - 3 scrolls of identify {unknown}
 l - a scroll of blinking {unknown}
 o - a scroll of teleportation {unknown}
 p - a scroll of poison {unknown}
 t - a scroll of magic mapping {unknown}
 u - a scroll of enchant armour {unknown}
Potions
 d - a potion of might
 e - a potion of mutation {unknown}
 j - 4 potions of curing {unknown}
 n - a potion of invisibility {unknown}
 q - a potion of brilliance {unknown}
 r - a potion of heal wounds {unknown}


   Skills:
 + Level 5.7 Fighting
 + Level 5.3 Axes
 + Level 5.1 Armour
 + Level 5.1 Shields


You had 6 spell levels left.
You didn't know any spells.
Your spell library was empty.

Dungeon Overview and Level Annotations

Branches:
Dungeon (4/15)
 Temple: D:4-7

Altars:
Uskayaw


Message History

You sock the gnoll!
You kill the gnoll!
The centaur unwields a +0 shortbow.
You block the centaur's attack. The centaur closely misses you.
Your Armour skill increases to level 5!
You hit the centaur but do no damage. The centaur hits you.
The centaur kicks you. You block the gnoll's attack. The centaur hits you.
* * * LOW HITPOINT WARNING * * *
The centaur kicks you but does no damage.
You hit the centaur.
The centaur is lightly wounded.
The centaur hits you.
* * * LOW HITPOINT WARNING * * *
The centaur closely misses you. The gnoll hits you but does no damage.
The centaur hits you but does no damage.
The centaur kicks you but does no damage.
You hit the centaur. You drain the centaur.
The centaur is severely wounded.
You block the gnoll's attack. The centaur hits you.
* * * LOW HITPOINT WARNING * * *
The centaur kicks you.
* * * LOW HITPOINT WARNING * * *
You sock the centaur!
You kill the centaur!
Your Shields skill increases to level 5!
You have reached level 7!
The gnoll barely misses you. x2
There is an open door, spattered with blood here.
Things that are here:
a +0 shortbow; a +0 spear; a gnoll corpse You barely miss the gnoll.
The gnoll hits you with a +0 whip.
* * * LOW HITPOINT WARNING * * *
The gnoll hits you from afar with a +0 spear.
* * * LOW HITPOINT WARNING * * *
The gnoll hits you with a +0 spear.
* * * LOW HITPOINT WARNING * * *
You hit the gnoll.
The gnoll is heavily wounded.
The gnoll hits you with a +0 whip.
You die...

....≈≈≈.....#
##..........# .......
......#.....# #.......#
......# ....# #.......#
......+ ...# #......#
.##+### ..# #......#
.##... .#####......#
......# #...#......#
......# .. #...@gg....#
......#... #...#g..<..#
.###'##... #...#......#
##........ #...#......#
.......).. #..)#......#
.......... #...#.......#
.......... #...#.......#
.......... #...#.........
..###########...#.........


You could see 3 gnolls.

Vanquished Creatures
  Duvessa (D:4)
  A centaur (D:4)
  A scorpion (D:4)
  Dowan (D:4)
  A hound (D:4)
  Terence (D:2)
  An orc wizard (D:3)
  A gnoll (D:4)
  2 adders (D:2)
  2 worms
  A dart slug (D:2)
  8 orcs (D:3)
  6 ball pythons
  5 endoplasms
  5 giant cockroaches
  3 goblins
  3 hobgoblins
  4 jackals (D:1)
  8 kobolds
  5 quokkas (D:1)
  8 bats
  3 frilled lizards
  7 rats
78 creatures vanquished.

Notes
Turn   | Place    | Note
-------+----------+-------------------------------------------
     0 | D:1      | PaiMei the Hill Orc Fighter began the quest for the Orb.
     0 | D:1      | Reached XP level 1. HP: 19/19 MP: 1/1
    88 | D:1      | Reached XP level 2. HP: 27/27 MP: 2/2
   780 | D:1      | Reached XP level 3. HP: 33/33 MP: 3/3
   782 | D:1      | Found a faded altar of an unknown god.
  1215 | D:2      | Noticed Terence
  1225 | D:2      | Killed Terence
  1226 | D:2      | Reached XP level 4. HP: 31/40 MP: 4/4
  2068 | D:3      | Reached XP level 5. HP: 40/47 MP: 5/5
  2447 | D:3      | Found a hide-covered altar of Uskayaw.
  2558 | D:3      | Identified the +3 mace of the Bedazzling Gods {drain, rC+
                  | rCorr}
  2560 | D:3      | Identified the +0 ring mail "Heuhysaz" {Rampage rCorr
                  | Dex+3}
  2858 | D:4      | Noticed Dowan
  2858 | D:4      | Noticed Duvessa
  2897 | D:4      | Reached skill level 5 in Fighting
  2897 | D:4      | Reached XP level 6. HP: 52/56 MP: 6/6
  2932 | D:4      | Killed Duvessa
  2933 | D:4      | Reached skill level 5 in Axes
  2985 | D:4      | Killed Dowan
  3047 | D:4      | Reached skill level 5 in Armour
  3051 | D:4      | Reached skill level 5 in Shields
  3051 | D:4      | Reached XP level 7. HP: 13/62 MP: 7/7
  3052 | D:4      | HP: 2/62 [gnoll/+0 spear (5)]
  3053 | D:4      | Slain by a gnoll

Illustrated notes

Levels and vault maps discovered:
D:1:      lemuel_arrival_tunnels, layout_loops_corners,
          hellmonk_ecumenical_altar_pennies_from_heaven, roderic_lattice_a
D:2:      layout_basic, minivault_24, uniq_terence
D:3:      minmay_door_path, layout_basic, general_overflow_altar
D:4:      layout_gridville, mainiacjoe_overflow_alcove_2,
          amcnicky_mini_pool_small, minmay_crystal_room,
          corexii_item_surrounded_by_moat, kennysheep_generic_room_5,
          uniq_duvessa

Skill      XL: |  1  2  3  4  5  6 |
---------------+-------------------+-----
Axes           | 3 4 5 |  5.3
Fighting       | 4 5 |  5.7
Armour         | 4 5 |  5.1
Shields        | 4 5 |  5.1

Action                     |  1- 3 |  4- 6 |  7- 9 || total
---------------------------+-------+-------+-------++-------
  Melee: War axe           |    99 |    91 |       ||   190
         Mace              |       |    42 |     2 ||    44
 Armour: Scale mail        |    46 |    81 |       ||   127
  Dodge: Dodged            |    59 |    64 |     2 ||   125
  Block: Buckler           |    18 |    42 |       ||    60
